 Dungeon Crawl Stone Soup version 0.20.0-15-g7f486f2 (webtiles) character file.

32 Merlin the Grave Robber (level 3, -2/24 HPs)
             Began as a Demonspawn Necromancer on June 18, 2017.
             Killed from afar by Natasha (9 damage)
             ... with a magic dart
             ... on level 2 of the Dungeon.
             The game lasted 00:10:02 (1321 turns).

Merlin the Grave Robber (Demonspawn Necromancer)    Turns: 1321, Time: 00:10:03

Health: -2/24      AC:  2    Str:  8    XL:     3   Next: 8%
Magic:  2/6        EV: 15    Int: 17    God:
Gold:   30         SH:  0    Dex: 13    Spells: 4/6 levels left

rFire    . . .     SeeInvis .   f - -3 spear (curse)
rCold    . . .     Gourm    .   (no shield)
rNeg     . . .     Faith    .   a - +0 robe
rPois    .         Spirit   .   (helmet restricted)
rElec    .         Reflect  .   (no cloak)
rCorr    .         Harm     .   (no gloves)
MR       .....                  (no boots)
Stlth    ++........             (no amulet)
Regen    0.1/turn               i - +3 ring of evasion
MPRegen  0.1/turn               (no ring)

@: slowed, very slow
A: horns 1
a: no special abilities


You were on level 2 of the Dungeon.
You were not hungry.

You visited 1 branch of the dungeon, and saw 2 of its levels.

You collected 30 gold pieces.

Inventory:

Hand Weapons
 f - a cursed -3 spear (weapon)
 k - a cursed +0 club
Missiles
 l - 24 sling bullets
Armour
 a - a +0 robe (worn)
 j - a +0 robe
Jewellery
 i - a +3 ring of evasion (left hand)
Wands
 g - a wand of random effects (28/48)
Scrolls
 d - 2 scrolls of noise
 e - 3 scrolls of identify {unknown}
Potions
 m - a potion of might
Books
 b - a book of Necromancy

   Spells                             Type                      Level
   a - Pain                           Necromancy                   1
   b - Animate Skeleton               Necromancy                   1
   c - Vampiric Draining              Necromancy                   3
   d - Regeneration                   Charms/Necromancy            3
   e - Animate Dead                   Necromancy                   4
   f - Control Undead                 Necromancy                   4
Comestibles
 c - a bread ration


   Skills:
 + Level 0.1 Polearms
 + Level 1.9 Dodging
 + Level 1.9 Stealth
 + Level 2.3 Spellcasting
 + Level 5.0 Necromancy


You had 4 spell levels left.
You knew the following spells:

 Your Spells              Type           Power        Failure   Level  Hunger
a - Pain                  Necr           ###.         2%          1    #......
b - Animate Skeleton      Necr           N/A          2%          1    #......


Dungeon Overview and Level Annotations

Branches:
Dungeon (2/15)

Altars:

Annotations:
D:2 Natasha


Innate Abilities, Weirdness & Mutations

You have a pair of small horns on your head.


Message History

Natasha mumbles some strange words.
Natasha's front paws start to glow.
Natasha misses you.
Casting: Pain
Confirm with . or Enter, or press ? or * to list all spells.
Aiming: Pain
Press: ? - help, Shift-Dir - straight line, f/p - Natasha
Aim: Natasha (heavily wounded, chance to defeat MR: 78%) Natasha writhes in agony!
Natasha claws you!
Casting: Pain
Confirm with . or Enter, or press ? or * to list all spells.
Aiming: Pain
Press: ? - help, Shift-Dir - straight line, f/p - Natasha
Aim: Natasha (severely wounded, chance to defeat MR: 78%) Natasha writhes in agony!
Natasha casts a spell at you. You resist with significant effort.
Natasha casts a spell at you. The magic dart hits you!
You die...

###############
................
.................
..................
...................
....................
..............h......
#.............@.......#
##.....................# #.# .
#......................#
#.####.
#......................#
#.#....
#......................#
#.#....
#......................#
#.#...
#......................# #...#
#........[........(....###...#
#..............).......#.....#


You could see Natasha.

Vanquished Creatures
  An adder (D:2)
  An ooze (D:2)
  A giant cockroach (D:2)
  2 goblins (D:1)
  A hobgoblin (D:1)
  4 jackals (D:1)
  2 bats (D:1)
  4 kobolds
  A rat (D:1)
17 creatures vanquished.

Notes
Turn   | Place    | Note
-------+----------+-------------------------------------------
     0 | D:1      | Merlin the Demonspawn Necromancer began the quest for the Orb.
     0 | D:1      | Reached XP level 1. HP: 13/13 MP: 3/3
    22 | D:1      | Learned a level 1 spell: Animate Skeleton
   539 | D:1      | Gained mutation: You have a pair of small horns on your head. [demonic ancestry]
   539 | D:1      | Reached XP level 2. HP: 14/19 MP: 3/5
  1008 | D:2      | Reached skill level 5 in Necromancy
  1008 | D:2      | Reached XP level 3. HP: 4/24 MP: 1/6
  1015 | D:2      | HP: 1/24 [poisoned by an adder]
  1313 | D:2      | Noticed Natasha
  1321 | D:2      | Killed from afar by Natasha

Skill      XL: |  1  2 |
---------------+-------+-----
Necromancy     | 5 |  5.0
Polearms       | |  0.1
Dodging        | |  1.9
Stealth        | |  1.9
Spellcasting   | |  2.3

Action                   || total
-------------------------++-------
Melee: Spear             ||    55
       Unarmed           ||     3
       Headbutt          ||     3
 Cast: Pain              ||    33
       Animate Skeleton  ||     1
  Use: Potion            ||     6
       Scroll            ||     3
 Stab: Distracted        ||     1
  Eat: Royal jelly       ||     1
Armor: Robe              ||    17
Dodge: Dodged            ||    82
